 Dungeon Crawl Stone Soup version 0.31-a0-176-g91f28db67f (webtiles) character file.

Game seed: 7107007302222341475

11963 qw the Cleaver (level 11, 0/72 HPs)
             Began as a Gargoyle Fighter on June 17, 2023.
             Was an Elder of Okawaru.
             Slain by a killer bee (1 damage)
             ... on level 2 of the Lair of Beasts.
             The game lasted 00:04:29 (9368 turns).

qw the Cleaver (Gargoyle Fighter)                   Turns: 9368, Time: 00:04:29

Health: 0/72       AC: 24    Str: 23    XL:     11   Next: 85%
Magic:  13/16      EV:  9    Int: 10    God:    Okawaru [****..]
Gold:   309        SH:  6    Dex:  9    Spells: 10/10 levels left

rFire   . . .        Y - +3 war axe (elec)
rCold   . . .        c - +0 buckler
rNeg    + . .        q - +0 plate armour
rPois   inf          (no helmet)
rElec   +            b - +0 cloak
rCorr   .            (no gloves)
SInv    .            (no boots)
Will    .....        (no amulet) Stlth
                     (no ring)
HPRegen 0.32/turn    (no ring)
MPRegen 0.15/turn

%: no passive effects
@: about to teleport, heroic, slowed, very slow
A: sickness immunity, AC +8, negative energy resistance 1, electricity
resistance, torment resistance 1, petrification resistance
a: Renounce Religion, Heroism, Finesse


You were on level 2 of the Lair of Beasts.
You worshipped Okawaru.
Okawaru was greatly pleased with you.
You visited 3 branches of the dungeon, and saw 11 of its levels.
You also visited: Sewer.

You collected 595 gold pieces.
You spent 286 gold pieces at shops.


Innate Abilities, Weirdness & Mutations

You are immune to sickness and miasma.
Your stone body is resilient. (AC +8)
You are immune to poison.
You resist negative energy. (rN+)
You are resistant to electric shocks. (rElec)
You are resistant to unholy torment.
You are immune to petrification.


   Skills:
 - Level 10.0(15.0) Fighting
 - Level 12.1(17.1) Axes
 + Level 2.6(7.6) Throwing
 - Level 6.0(11.0) Armour
 - Level 2.3(7.3) Dodging
 - Level 6.3(11.3) Shields
 + Level 6.7 Invocations


You had 10 spell levels left.
You didn't know any spells.
Your spell library was empty.

Inventory:

Hand Weapons
 k - a +0 morningstar
 Y - a +3 war axe of electrocution (weapon)
Missiles
 n - 9 boomerangs (quivered)
 o - a javelin
Armour
 b - a +0 cloak (worn)
 c - a +0 buckler (worn)
 q - a +0 plate armour (worn)
Scrolls
 h - 3 scrolls of identify
Potions
 a - a potion of haste
 d - 2 potions of might
 e - 2 potions of enlightenment
 g - a potion of mutation
 i - a potion of lignification
 j - a potion of attraction
 p - 2 potions of curing
 s - a potion of cancellation
 t - a potion of magic

Dungeon Overview and Level Annotations

Branches:
Dungeon (8/15)             Temple (1/1) D:6            Lair (2/5) D:8
  Sewer (visited)
  Swamp: Lair:2-3    Shoals: Lair:2-3     Snake: Lair:2-3    Spider: Lair:2-3

Altars:
Ashenzari
Cheibriados
Dithmenos
Elyvilon
Fedhas
Gozag
Makhleb
Nemelex Xobeh
Okawaru
Qazlal
Ru
Trog
Uskayaw
Wu Jian
Xom
Yredelemnul
The Shining One

Shops:
D:7 [   D:8 *

Portals:
Abyss: D:8

Annotations:
D:8 2 transporters, qw's ghost, novice GrFi
Lair:2 Gastronok; Maggie


Message History

You slash the killer bee!
Lightning courses through the killer bee!
You kill the killer bee!
Okawaru accepts your kill.
You miss the killer bee. You block the killer bee's attack.
The killer bee stings you.
The killer bee stings you but does no damage.
The killer bee closely misses you. The killer bee barely misses you.
9365 ||| READING scroll of teleportation.
As you read the scroll of teleportation, it crumbles to dust.
You feel strangely unstable.
The killer bee stings you but does no damage.
You block the killer bee's attack. The killer bee barely misses you. x2
Maggie casts a spell at you. The bolt of fire hits you.
The killer bee stings you. x2
The killer bee barely misses you.
You hit the killer bee but do no damage.
The killer bee is severely wounded.
You slash the yak! You slash the killer bee!
You kill the killer bee!
Okawaru accepts your kill.
You slash the killer bee! The killer bee closely misses you.
The killer bee stings you but does no damage.
You are no longer entranced.
You slash the killer bee!
You kill the killer bee!
Okawaru accepts your kill.
You closely miss the yak. You hit the killer bee.
Lightning courses through the killer bee!!
You kill the killer bee!
Okawaru accepts your kill. Gastronok looks at you while chanting.
You feel yourself slow down.
You slash the yak!
The yak is severely wounded.
You slash the killer bee! You block the yak's attack.
You block the killer bee's attack. The yak gores you.
The killer bee stings you.
You die...

...~~~~~~~~~~....
#.~~~~.%%~~......
#~~~~.<.~~~~......
#.~~~~~Y~~~.......
...~~~w~Y~~~.......
...~~~~~~Y~........
....~~~~~~.........
.....~...YYy.......
..........@y.......
#.#.#.P............
#.#.............
#P....#####.#.
##...## # .@...
...... .....# .P...


You could see Gastronok, Maggie, 5 yaks and 2 killer bees.

Vanquished Creatures
  A catoblepas (Lair:1)
  A two-headed ogre (D:8)
  An elephant (D:8)
  Joseph (Lair:1)
  4 cane toads (Lair:1)
  A rime drake (Lair:1)
  A komodo dragon (Lair:1)
  2 unseen horror zombies (D:8)
  A polar bear (Lair:1)
  4 blink frogs (Lair:1)
  3 wyverns
  6 yaks
  A steam dragon (D:8)
  A basilisk (D:8)
  Pargi (Sewer)
  8 water moccasins
  2 sky beasts
  A black bear (D:6)
  3 wolves
  An ogre (D:6)
  A centaur (D:6)
  A phantom (D:6)
  2 kobold brigands
  3 necrophages (D:8)
  4 scorpions
  5 bullfrogs
  2 gnoll sergeants (D:8)
  11 wights
  24 killer bees
  A human zombie (D:8)
  A centaur zombie (D:8)
  3 hounds
  7 jellies
  2 gnoll boudas
  2 orc priests
  Jessica (D:2)
  An iguana (D:3)
  6 orc wizards
  3 killer bee zombies (D:8)
  A mummy (D:8)
  19 gnolls
  6 adders
  2 shadow imps
  2 white imps
  2 ufetubi
  2 worms (D:2)
  2 dart slugs (D:3)
  18 orcs
  12 bats
  11 endoplasms
  5 giant cockroaches
  8 goblins
  3 hobgoblins
  5 jackals
  5 quokkas
  6 ball pythons
  2 frilled lizards
  12 kobolds
  4 rats
  A spectral weapon (Lair:1)
252 creatures vanquished.

Notes
Turn   | Place    | Note
-------+----------+-------------------------------------------
     0 | D:1      | qw the Gargoyle Fighter began the quest for the Orb.
     0 | D:1      | Reached XP level 1. HP: 14/14 MP: 1/1
     0 | D:1      | 0 ||| qw: Version: 0.3-a-5-g6f28e65
     0 | D:1      | 0 ||| qw: Game counter: 445
     0 | D:1      | 0 ||| qw: Always use a shield: true
     0 | D:1      | 0 ||| qw: God list: Okawaru
     0 | D:1      | 0 ||| qw: Allow faded altars: false
     0 | D:1      | 0 ||| qw: Do Orc after D:15 true
     0 | D:1      | 0 ||| qw: Do second Lair branch before Depths: true
     0 | D:1      | 0 ||| qw: Lair rune preference: random
     0 | D:1      | 0 ||| qw: Plans: Normal, Zot:1-4, Slime:5, God:TSO, Crypt,
                  | Tomb, Abyss, Pan, Hells, Win
     0 | D:1      | 0 ||| PLANNING D:1-11
    68 | D:1      | Reached skill level 2 in Axes
   138 | D:1      | Reached XP level 2. HP: 19/19 MP: 2/2
   652 | D:1      | 652 ||| READING scroll labelled MACSAOFREJ.
   653 | D:1      | 653 ||| READING scroll labelled TAEW WE CEF.
   654 | D:1      | 654 ||| READING scroll labelled BUGGOTI ZEWESK.
   655 | D:1      | 655 ||| READING scroll labelled KOR OCUODE.
   658 | D:1      | 658 ||| DRINKING 2 fuming white potions.
   706 | D:2      | 706 ||| STAIRDANCE
   874 | D:2      | Reached skill level 3 in Axes
   923 | D:2      | Reached XP level 3. HP: 23/23 MP: 3/3
   928 | D:2      | 928 ||| Stepping ~*~*~tactically~*~*~ (stealth).
  1106 | D:2      | Found a faded altar of an unknown god.
  1170 | D:2      | Noticed Jessica
  1174 | D:2      | Killed Jessica
  1175 | D:2      | Reached XP level 4. HP: 25/28 MP: 4/4
  1433 | D:2      | 1433 ||| READING 2 scrolls labelled NUTYLI WUSUCYS.
  1434 | D:2      | 1434 ||| READING scroll labelled POSAHOCREI.
  1435 | D:2      | 1435 ||| DRINKING 2 coppery potions.
  1436 | D:2      | 1436 ||| DRINKING 3 amethyst potions.
  1437 | D:2      | 1437 ||| READING 2 scrolls of identify.
  1437 | D:2      | 1437 ||| IDENTIFYING smoky white potion
  1438 | D:2      | 1438 ||| DROPPING potion of degeneration.
  1439 | D:2      | 1439 ||| DROPPING scroll of summoning.
  1440 | D:2      | 1440 ||| DROPPING 2 potions of invisibility.
  1469 | D:3      | Reached skill level 4 in Axes
  1510 | D:3      | 1510 ||| Stepping ~*~*~tactically~*~*~ (hiding).
  1690 | D:3      | 1690 ||| DROPPING +0 club.
  1705 | D:3      | 1705 ||| Stepping ~*~*~tactically~*~*~ (hiding).
  1706 | D:3      | 1706 ||| Stepping ~*~*~tactically~*~*~ (hiding).
  1711 | D:3      | 1711 ||| Stepping ~*~*~tactically~*~*~ (hiding).
  1712 | D:3      | 1712 ||| Stepping ~*~*~tactically~*~*~ (hiding).
  1714 | D:3      | 1714 ||| Stepping ~*~*~tactically~*~*~ (hiding).
  1913 | D:3      | 1913 ||| Stepping ~*~*~tactically~*~*~ (stealth).
  2115 | D:3      | 2115 ||| READING scroll labelled TIX HIKHIU.
  2116 | D:3      | 2116 ||| READING scroll labelled MUHOHO GUIFIMN.
  2117 | D:3      | 2117 ||| READING 5 scrolls of identify.
  2117 | D:3      | 2117 ||| IDENTIFYING red potion
  2118 | D:3      | 2118 ||| READING 4 scrolls of identify.
  2118 | D:3      | 2118 ||| IDENTIFYING golden potion
  2127 | D:4      | 2127 ||| PLANNING SEWER
  2133 | D:4      | 2133 ||| STAIRDANCE
  2136 | D:3      | Reached XP level 5. HP: 28/32 MP: 5/5
  2204 | D:4      | 2204 ||| Stepping ~*~*~tactically~*~*~ (hiding).
  2206 | D:4      | 2206 ||| Stepping ~*~*~tactically~*~*~ (hiding).
  2208 | D:4      | 2208 ||| Stepping ~*~*~tactically~*~*~ (hiding).
  2254 | D:4      | Reached skill level 5 in Axes
  2368 | D:4      | 2368 ||| Stepping ~*~*~tactically~*~*~ (hiding).
  2370 | D:4      | 2370 ||| Stepping ~*~*~tactically~*~*~ (hiding).
  2371 | D:4      | 2371 ||| Stepping ~*~*~tactically~*~*~ (hiding).
  2549 | D:4      | 2549 ||| DROPPING +0 mace.
  2583 | D:4      | Reached XP level 6. HP: 36/38 MP: 6/6
  2588 | D:4      | Found a glowing drain.
  2611 | Sewer    | Entered a sewer
  2644 | Sewer    | Noticed Pargi
  2658 | Sewer    | Killed Pargi
  2724 | D:4      | 2724 ||| PLANNING D:1-11
  2748 | D:4      | Reached XP level 7. HP: 40/43 MP: 7/7
  2760 | D:4      | 2760 ||| Stepping ~*~*~tactically~*~*~ (hiding).
  3236 | D:4      | Reached skill level 6 in Axes
  3312 | D:4      | 3312 ||| UPGRADING to +0 chain mail.
  3322 | D:4      | 3322 ||| DROPPING +0 scale mail.
  3323 | D:4      | 3323 ||| READING 4 scrolls of identify.
  3323 | D:4      | 3323 ||| IDENTIFYING sedimented grey potion
  3340 | D:5      | Entered Level 5 of the Dungeon
  3462 | D:5      | Found a broken altar of Ashenzari.
  3466 | D:5      | Found a bloodstained altar of Trog.
  3470 | D:5      | Found a sparkling altar of Nemelex Xobeh.
  3556 | D:5      | 3556 ||| READING scroll of enchant weapon.
  3556 | D:5      | 3556 ||| ENCHANTING +1 war axe of electrocution.
  3663 | D:5      | Reached skill level 7 in Axes
  3667 | D:5      | HP: 9/44 [killer bee (5)]
  3668 | D:5      | 3668 ||| READING scroll of teleportation.
  3669 | D:5      | 3669 ||| DRINKING 2 potions of heal wounds.
  3675 | D:5      | Reached XP level 8. HP: 33/48 MP: 8/8
  3696 | D:5      | 3696 ||| DRINKING potion of curing.
  3696 | D:5      | 3696 ||| (to cure confusion)
  3703 | D:5      | Reached skill level 1 in Throwing
  3789 | D:5      | 3789 ||| Stepping ~*~*~tactically~*~*~ (stealth).
  3790 | D:5      | 3790 ||| Stepping ~*~*~tactically~*~*~ (stealth).
  3812 | D:5      | 3812 ||| DROPPING +0 flail.
  3829 | D:5      | 3829 ||| Stepping ~*~*~tactically~*~*~ (stealth).
  3922 | D:5      | Noticed a wyvern
  3932 | D:5      | Killed a wyvern
  3933 | D:5      | Reached skill level 8 in Axes
  4141 | D:5      | Reached skill level 6 in Fighting
  4214 | D:5      | Found a stormy altar of Qazlal.
  4280 | D:5      | Found an opulent altar of Gozag.
  4470 | D:5      | 4470 ||| UPGRADING to +0 cloak.
  4475 | D:5      | 4475 ||| READING 5 scrolls of identify.
  4475 | D:5      | 4475 ||| IDENTIFYING fuming sapphire potion
  4476 | D:5      | 4476 ||| DROPPING potion of brilliance.
  4508 | D:6      | 4508 ||| Stepping ~*~*~tactically~*~*~ (stealth).
  4509 | D:6      | 4509 ||| Stepping ~*~*~tactically~*~*~ (stealth).
  4554 | D:6      | Reached XP level 9. HP: 55/55 MP: 9/9
  4709 | D:6      | Found a staircase to the Ecumenical Temple.
  4710 | D:6      | 4710 ||| PLANNING TEMPLE
  4742 | D:6      | 4742 ||| Stepping ~*~*~tactically~*~*~ (stealth).
  4744 | D:6      | Reached skill level 9 in Axes
  4752 | D:6      | 4752 ||| Stepping ~*~*~tactically~*~*~ (stealth).
  4755 | Temple   | Entered the Ecumenical Temple
  4756 | Temple   | 4756 ||| PLANNING OKAWARU WORSHIP
  4807 | Temple   | Became a worshipper of Warmaster Okawaru
  4808 | Temple   | 4808 ||| PLANNING D:1-11
  4818 | D:6      | 4818 ||| Stepping ~*~*~tactically~*~*~ (stealth).
  4844 | D:6      | 4844 ||| Stepping ~*~*~tactically~*~*~ (stealth).
  4854 | D:6      | 4854 ||| Stepping ~*~*~tactically~*~*~ (stealth).
  4855 | D:6      | 4855 ||| Stepping ~*~*~tactically~*~*~ (stealth).
  4856 | D:6      | 4856 ||| Stepping ~*~*~tactically~*~*~ (stealth).
  5417 | D:6      | 5417 ||| READING 4 scrolls of identify.
  5417 | D:6      | 5417 ||| IDENTIFYING lumpy brown potion
  5468 | D:7      | 5468 ||| Stepping ~*~*~tactically~*~*~ (hiding).
  5668 | D:7      | Reached * piety under Okawaru
  5673 | D:7      | 5673 ||| INVOKING Heroism.
  5821 | D:7      | 5821 ||| INVOKING Heroism.
  5829 | D:7      | Reached skill level 1 in Invocations
  6275 | D:7      | Found Faqyirom's Armour Shoppe.
  6276 | D:7      | 6276 ||| Stepping ~*~*~tactically~*~*~ (hiding).
  6296 | D:7      | 6296 ||| BUYING +3 ring mail of cold resistance (286 gold).
  6296 | D:7      | Bought a +3 ring mail of cold resistance for 286 gold
                  | pieces
  6471 | D:7      | 6471 ||| DROPPING ring of wizardry.
  6472 | D:7      | 6472 ||| READING scroll labelled GIOKHELEED.
  6473 | D:7      | 6473 ||| READING scroll labelled MAWNYSA JOGUW.
  6474 | D:7      | 6474 ||| READING 3 scrolls of identify.
  6474 | D:7      | 6474 ||| IDENTIFYING fuming yellow potion
  6475 | D:7      | 6475 ||| READING 2 scrolls of identify.
  6475 | D:7      | 6475 ||| IDENTIFYING murky black potion
  6527 | D:8      | 6527 ||| Stepping ~*~*~tactically~*~*~ (hiding).
  6532 | D:8      | Reached skill level 10 in Axes
  6536 | D:8      | 6536 ||| INVOKING Heroism.
  6634 | D:8      | 6634 ||| READING scroll of enchant weapon.
  6634 | D:8      | 6634 ||| ENCHANTING +2 war axe of electrocution.
  6669 | D:8      | 6669 ||| INVOKING Heroism.
  6673 | D:8      | Reached skill level 3 in Invocations
  6673 | D:8      | Reached XP level 10. HP: 37/63 MP: 8/12
  6684 | D:8      | 6684 ||| FLEEEEING.
  6686 | D:8      | 6686 ||| INVOKING Heroism.
  6805 | D:8      | Noticed a two-headed ogre
  6806 | D:8      | 6806 ||| INVOKING Heroism.
  6815 | D:8      | Killed a two-headed ogre
  6815 | D:8      | Reached ** piety under Okawaru
  6894 | D:8      | 6894 ||| INVOKING Heroism.
  7106 | D:8      | Found a one-way gate to the infinite horrors of the Abyss.
  7106 | D:8      | Noticed qw's ghost (novice GrFi)
  7115 | D:8      | Found a transporter.
  7185 | D:8      | 7185 ||| INVOKING Heroism.
  7341 | D:8      | Found a transporter.
  7459 | D:8      | 7459 ||| INVOKING Heroism.
  7477 | D:8      | Reached skill level 11 in Axes
  7552 | D:8      | Reached *** piety under Okawaru
  7559 | D:8      | Reached skill level 9 in Fighting
  7559 | D:8      | Found a basalt altar of Yredelemnul.
  7600 | D:8      | 7600 ||| Stepping ~*~*~tactically~*~*~ (cloud).
  7603 | D:8      | 7603 ||| INVOKING Heroism.
  7622 | D:8      | Reached skill level 6 in Armour
  7622 | D:8      | Reached XP level 11. HP: 71/71 MP: 14/14
  7694 | D:8      | Found a staircase to the Lair.
  7755 | D:8      | Found Feupu's Serpentskin Sales.
  8008 | D:8      | 8008 ||| PLANNING LAIR
  8008 | D:8      | 8008 ||| READING scroll labelled HAEMMI ZARYN.
  8009 | D:8      | 8009 ||| READING scroll labelled FAULEST AFEM.
  8060 | Lair:1   | Entered Level 1 of the Lair of Beasts
  8063 | Lair:1   | 8063 ||| STAIRDANCE
  8144 | Lair:1   | 8144 ||| INVOKING Heroism.
  8234 | Lair:1   | 8234 ||| Stepping ~*~*~tactically~*~*~ (hiding).
  8263 | Lair:1   | 8263 ||| INVOKING Heroism.
  8272 | Lair:1   | Reached skill level 12 in Axes
  8278 | Lair:1   | Reached **** piety under Okawaru
  8279 | Lair:1   | Reached skill level 6 in Shields
  8423 | Lair:1   | 8423 ||| INVOKING Heroism.
  8531 | Lair:1   | Noticed a catoblepas
  8532 | Lair:1   | 8532 ||| INVOKING Heroism.
  8542 | Lair:1   | Killed a catoblepas
  8542 | Lair:1   | Received a gift from Okawaru
  8552 | Lair:1   | 8552 ||| Stepping ~*~*~tactically~*~*~ (stealth).
  8583 | Lair:1   | 8583 ||| INVOKING Heroism.
  8744 | Lair:1   | Noticed Joseph
  8755 | Lair:1   | 8755 ||| INVOKING Heroism.
  8760 | Lair:1   | HP: 18/72 [Joseph/+0 spectral quarterstaff (1)]
  8761 | Lair:1   | 8761 ||| READING 3 scrolls of teleportation.
  8762 | Lair:1   | 8762 ||| DRINKING 3 potions of heal wounds.
  8763 | Lair:1   | 8763 ||| DRINKING 2 potions of heal wounds.
  8764 | Lair:1   | Killed Joseph
  9017 | Lair:1   | 9017 ||| INVOKING Heroism.
  9025 | Lair:1   | Reached skill level 6 in Invocations
  9231 | Lair:1   | 9231 ||| INVOKING Heroism.
  9326 | Lair:1   | 9326 ||| UPGRADING to +0 plate armour.
  9336 | Lair:1   | 9336 ||| DROPPING +0 chain mail.
  9337 | Lair:1   | 9337 ||| DROPPING +3 ring mail of cold resistance.
  9347 | Lair:2   | Noticed Gastronok
  9348 | Lair:2   | 9348 ||| INVOKING Heroism.
  9351 | Lair:2   | 9351 ||| Stepping ~*~*~tactically~*~*~ (water).
  9358 | Lair:2   | HP: 7/72 [Gastronok/the air (21)]
  9359 | Lair:2   | 9359 ||| READING 2 scrolls of teleportation.
  9360 | Lair:2   | 9360 ||| DRINKING potion of heal wounds.
  9361 | Lair:2   | 9361 ||| INVOKING Heroism.
  9361 | Lair:2   | Noticed Maggie
  9364 | Lair:2   | HP: 18/72 [killer bee (3)]
  9365 | Lair:2   | 9365 ||| READING scroll of teleportation.
  9365 | Lair:2   | HP: 8/72 [killer bee (4)]
  9368 | Lair:2   | HP: 1/72 [yak (5)]
  9368 | Lair:2   | Slain by a killer bee

Levels and vault maps discovered:
D:1:      saegor_arrival_simple_a, layout_loops_ring, minmay_misc_feat_x,
          minmay_hexomino_p4
D:2:      layout_basic, shapermc_ecumenical_altar_hornbeckon,
          grunt_ministairs_6, kennysheep_jessica_study, uniq_jessica
D:3:      layout_rooms
D:4:      layout_loops_cross, portal_sewer_entry_a, minmay_misc_feat_diagonals,
          hangedman_decor_lopped, grunt_ministairs_6, minmay_misc_feat_room,
          minivault_5
D:5:      layout_basic, grunt_temple_overflow_diamond, minitemple,
          minmay_misc_feat_enclosed, minmay_manual_macuahuitl
D:6:      layout_cave_pods, minmay_temple_entry_sparse_star
D:7:      layout_cave_pods, serial_shops, nicolae_shop_gibbet_a_chance
D:8:      layout_basic, lemuel_mausoleum_altar_yredelemnul, david_lair_generic,
          gammafunk_ghost_abyssal_escape, guppyfry_shop_venom
Temple:   nicolae_temple_ecumenical_triangle
Lair:1:   layout_hall_layers, lemuel_fruit_fields, grunt_megastairs_1,
          uniq_joseph
Lair:2:   wad_woods_minihive, layout_regular_city,
          nicolae_volcano_entry_vermiform, minivault_26,
          infiniplex_staircase_pool_2, uniq_maggie, uniq_gastronok

Skill      XL: |  1  2  3  4  5  6  7  8  9 10 11 |
---------------+----------------------------------+-----
Axes           | 2 3 4 5 7 8 10 11 12 | 12.1
Fighting       | 4 6 7 9 10 | 10.0
Dodging        | 2 |  2.3
Throwing       | 1 2 |  2.6
Armour         | 4 5 6 |  6.0
Shields        | 4 5 6 |  6.3
Invocations    | 3 4 6 |  6.7

Action                     |  1- 3 |  4- 6 |  7- 9 | 10-12 || total
---------------------------+-------+-------+-------+-------++-------
  Melee: War axe           |    59 |   118 |   250 |   230 ||   657
  Throw: Boomerang         |    37 |       |    93 |    62 ||   192
         Javelin           |       |       |       |     3 ||     3
 Invoke: Heroism           |       |       |     4 |    16 ||    20
    Use: Scroll            |     4 |     7 |    10 |     5 ||    26
         Potion            |     1 |     2 |     2 |     3 ||     8
 Armour: Scale mail        |    27 |    70 |     3 |       ||   100
         Chain mail        |       |       |   146 |   141 ||   287
         Plate armour      |       |       |       |    26 ||    26
  Dodge: Dodged            |    25 |    62 |   106 |   114 ||   307
  Block: Buckler           |    14 |    21 |    58 |    73 ||   166

Table legend:
 A = Non-vault XP
 B = Vault XP
 C = Vault XP percentage of total XP
 D = Non-vault monster count
 E = Vault monster count
 F = Vault count percentage of total count
                 A         B        C        D         E       F
            +---------+---------+-------+---------+---------+-------
      Total |   11888 |    5202 |  30.4 |     188 |      63 |  25.1
            +---------+---------+-------+---------+---------+-------
        D:1 |      16 |       6 |  27.3 |      10 |       4 |  28.6
        D:2 |      36 |      40 |  52.6 |      16 |       3 |  15.8
        D:3 |      79 |       0 |   0.0 |      20 |       0 |   0.0
        D:4 |     351 |      94 |  21.1 |      16 |      10 |  38.5
        D:5 |     871 |     456 |  34.4 |      20 |       8 |  28.6
        D:6 |    1233 |       0 |   0.0 |      18 |       0 |   0.0
        D:7 |     960 |       0 |   0.0 |      32 |       0 |   0.0
        D:8 |    3599 |    2476 |  40.8 |      39 |      19 |  32.8
     Lair:1 |    4544 |    1409 |  23.7 |      16 |       5 |  23.8
     Lair:2 |     199 |     568 |  74.1 |       1 |       9 |  90.0
      Sewer |       0 |     153 | 100.0 |       0 |       5 | 100.0
            +---------+---------+-------+---------+---------+-------
